 Dungeon Crawl Stone Soup version 0.17.1-3-g152610e (webtiles) character file.

2743 hannobal the Tainter (level 9, -2/70 HPs)
             Began as a Naga Venom Mage on Apr 18, 2016.
             Was a Priest of Cheibriados.
             Slain by a mummy (6 damage)
             ... in an ossuary on Apr 20, 2016.
             The game lasted 00:34:52 (9139 turns).

hannobal the Tainter (Naga Venom Mage)              Turns: 9139, Time: 00:34:52

Health: -2/70      AC:  9    Str: 16    XL:     9   Next: 68%
Magic:  0/17       EV: 10    Int: 25    God:    Cheibriados [***...]
Gold:   262        SH:  0    Dex: 18    Spells: 5 memorised, 3 levels left

rFire  . . .     SeeInvis +     a - +4 scythe (protect)
rCold  . . .     Clarity  .     m - +0 robe
rNeg   . . .     SustAt   .     (shield currently unavailable)
rPois  +         Gourm    .     (no helmet)
rElec  .         Spirit   +     (no cloak)
rCorr  .         Warding  .     (no gloves)
rMut   .         Stasis   .     (no barding)
MR     ++...                    u - amulet of guardian spirit
Stlth  +++.......               B - ring of poison resistance
                                x - ring of Talat {MR+ Slay+3}

@: about to teleport, very slow, very resistant to hostile enchantments, fairly
stealthy
A: see invisible, deformed body, poison resistance, slowness 2, slow metabolism
1, spit poison 2, AC +3
a: Spit Poison, Bend Time, Temporal Distortion, Renounce Religion


You were in an ossuary.
You worshipped Cheibriados.
Cheibriados was most pleased with you.
You were very hungry.

You visited 2 branches of the dungeon, and saw 7 of its levels.
You also visited: Ossuary.

You collected 262 gold pieces.

Inventory:

Hand Weapons
 a - a +4 scythe of protection (weapon)
 b - the +4 hunting sling of a ziggurat {flame, *Confuse MR+++ Str+3 SInv}
   (You found it on level 4 of the Dungeon)

   It causes projectiles fired from it to burn those they strike, causing extra
   injury to most foes and up to half again as much damage against particularly
   susceptible opponents.
   It affects your strength (+3).
   It affects your resistance to hostile enchantments.
   It lets you see invisible.
   It may confuse you when you take damage.
 d - a +0 dagger
 i - a +0 hand axe
 n - a +0 halberd
 o - a +0 long sword
 q - a +0 rapier
 s - a +0 hunting sling
 z - a +2 whip of holy wrath
 A - a +0 lajatang
Missiles
 g - 29 arrows
 l - 6 tomahawks (quivered)
 t - 12 sling bullets
 v - 22 poisoned needles
 w - 28 bolts
 y - 155 stones
 C - 21 steel sling bullets
Armour
 j - a +0 ring mail
 k - a +0 leather armour
 m - a +0 robe (worn)
 D - a +0 chain mail
Jewellery
 u - an amulet of guardian spirit (around neck)
 x - the ring of Talat (left hand) {MR+ Slay+3}
   (You found it on level 4 of the Dungeon)

   [ring of protection from magic]

   It affects your accuracy and damage with ranged weapons and melee attacks
   (+3).
   It affects your resistance to hostile enchantments.
 B - a ring of poison resistance (right hand)
Scrolls
 f - a scroll of remove curse
 h - 7 scrolls of teleportation
 p - 2 scrolls of identify
 E - a scroll of noise
Books
 r - a Young Poisoner's Handbook

   Spells                             Type                      Level
   a - Sting                          Conjuration/Poison           1
   b - Cure Poison                    Poison                       2
   c - Mephitic Cloud                 Conjuration/Poison/Air       3
   d - Olgreb's Toxic Radiance        Poison                       4
   e - Venom Bolt                     Conjuration/Poison           5
Comestibles
 c - 3 bread rations
 F - a royal jelly


   Skills:
 - Level 1.2 Fighting
 + Level 0.6 Polearms
 - Level 1.5 Dodging
 - Level 3.0 Stealth
 - Level 5.3 Spellcasting
 - Level 8.1 Conjurations
 - Level 2.0 Air Magic
 - Level 11.0 Poison Magic
 - Level 2.4 Invocations


You had 3 spell levels left.
You knew the following spells:

 Your Spells              Type           Power        Failure   Level  Hunger
b - Venom Bolt            Conj/Pois      ######....   6%          5    #####..
c - Cure Poison           Pois           ######....   1%          2    None
o - Olgreb's Toxic Radia  Pois           ######..     1%          4    ###....
p - Mephitic Cloud        Conj/Pois/Air  #####...     1%          3    #......
z - Sting                 Conj/Pois      ####         1%          1    None


Dungeon Overview and Level Annotations

Branches:
Dungeon (6/15)             Temple (1/1) D:4

Altars:
Ashenzari
Cheibriados
Dithmenos
Fedhas
Gozag
Kikubaaqudgha
Makhleb
Nemelex Xobeh
Okawaru
Qazlal
Sif Muna
Trog
Vehumet
Xom
Yredelemnul
Zin
The Shining One


Innate Abilities, Weirdness & Mutations

You cannot wear boots.
Your serpentine skin is tough (AC +3).
You have supernaturally acute eyesight.
Armour fits poorly on your strangely shaped body.
Your system is resistant to poisons.
You cover ground very slowly.
You have a slow metabolism.
You can spit poison.


Message History

Cheibriados thoroughly appreciates the change of pace.
You slice the mummy!!
The mummy is almost destroyed.
The mummy closely misses you.
You completely miss the mummy.
The mummy is almost destroyed.
The mummy closely misses you. The mummy hits you!
* * * LOW HITPOINT WARNING * * *
The mummy hits you!
* * * LOW HITPOINT WARNING * * *
Drink which item? (? for menu, Esc to quit)
You feel better.
You hit the mummy but do no damage.
The mummy is almost destroyed.
The mummy completely misses you. The mummy hits you!
* * * LOW HITPOINT WARNING * * *
Read which item? (? for menu, Esc to quit)
As you read the scroll of teleportation, it crumbles to dust.
You feel strangely unstable. The mummy hits you.
You die...

#∩...........................∩
#.............................
#..#####+###'###'###'###'###..
#..#...# #...#...#...#...#..
#..#.### ####'#'####'####.#..
#..'.# #....#....#....#.#..
#..### #....#....#....###..
#..#.# #....#....#....#.'..
#..#.# #..@M#....#....#.#..
#..'.########M############.#..
#..###....# ... #....###..
#..#.#....#...(. #....#.'..
#..#.#....#...!!? #....'.#..
#..'.'....#..??$!! #....#.#..
#..########..?$∩$?. ########..
#..#.'....#..??$(?..#....#.'..
#..#.#....# #....#.#..


You could see 2 mummies.

Vanquished Creatures
  The ghost of bollicks1999 the Covert, a novice OpAs (D:5)
  Grinder (D:5)
  Prince Ribbit (D:5)
  Sigmund (D:5)
  Menkaure (Ossuary)
  4 ogres
  A sky beast (D:6)
  3 phantoms
  Blork the orc (D:5)
  An elf skeleton (D:6)
  3 elf zombies
  The ghost of Charly the Charmwright, a weakling DgSk (D:3)
  3 centaur zombies (Ossuary)
  A hound (D:4)
  2 iguanas
  4 orc wizards
  3 orc priests
  A human skeleton (D:6)
  A worker ant (D:5)
  2 ogre zombies (Ossuary)
  2 hound skeletons
  4 mummies (Ossuary)
  A worker ant zombie (D:5)
  12 gnolls
  2 adders
  2 oozes (D:2)
  5 adder zombies (Ossuary)
  3 worms
  A giant gecko (D:4)
  13 orcs
  3 gnoll zombies (Ossuary)
  6 goblins
  5 hobgoblins
  7 jackals
  2 quokkas
  3 ball pythons
  5 bats
  5 giant cockroaches
  7 giant newts
  A goblin zombie (Ossuary)
  A hobgoblin zombie (Ossuary)
  7 kobolds
  2 kobold zombies (Ossuary)
  An orc skeleton (D:6)
  2 orc zombies (D:6)
  A quokka skeleton (D:5)
  6 quokka zombies (Ossuary)
  11 rats
  3 rat zombies (Ossuary)
  A butterfly (D:5)
160 creatures vanquished.

Notes
Turn   | Place    | Note
--------------------------------------------------------------
     0 | D:1      | hannobal the Naga Venom Mage began the quest for the Orb.
     0 | D:1      | Reached XP level 1. HP: 15/15 MP: 3/3
   235 | D:1      | Reached skill level 1 in Conjurations
   337 | D:1      | Reached XP level 2. HP: 22/22 MP: 3/5
  1446 | D:2      | Reached XP level 3. HP: 19/28 MP: 0/6
  2113 | D:2      | Learned a level 3 spell: Mephitic Cloud
  2394 | D:2      | Found an opulent altar of Gozag.
  2514 | D:2      | Reached skill level 1 in Air Magic
  2643 | D:3      | Noticed Charly's ghost (weakling DgSk)
  2685 | D:2      | Reached XP level 4. HP: 36/36 MP: 3/7
  3862 | D:2      | Reached skill level 6 in Poison Magic
  3862 | D:2      | Reached XP level 5. HP: 35/42 MP: 0/8
  3868 | D:2      | Learned a level 4 spell: Olgreb's Toxic Radiance
  4372 | D:3      | Killed Charly's ghost
  4372 | D:3      | Reached XP level 6. HP: 19/49 MP: 4/9
  4836 | D:4      | Reached skill level 1 in Fighting
  5258 | D:4      | Found a staircase to the Ecumenical Temple.
  5267 | Temple   | Entered the Ecumenical Temple
  5391 | Temple   | Became a worshipper of Cheibriados the Contemplative
  5436 | D:4      | Reached XP level 7. HP: 45/57 MP: 8/13
  5717 | D:4      | Got a smoking hunting sling
  5718 | D:4      | Identified the +4 hunting sling of a ziggurat {flame, *Confuse MR+++ Str+3 SInv} (You found it on level 4 of the Dungeon)
  5847 | D:4      | Got a sparkling jade ring
  5848 | D:4      | Identified the ring of Talat {MR+ Slay+3} (You found it on level 4 of the Dungeon)
  6031 | D:4      | Found a sparkling altar of Nemelex Xobeh.
  6033 | D:4      | Found a shattered altar of Ashenzari.
  6038 | D:4      | Found a stormy altar of Qazlal.
  6509 | D:5      | Entered Level 5 of the Dungeon
  6602 | D:5      | Noticed bollicks1999's ghost (novice OpAs)
  6617 | D:5      | Noticed Sigmund
  6633 | D:4      | Reached skill level 5 in Conjurations
  6704 | D:5      | Killed bollicks1999's ghost
  6704 | D:5      | Reached skill level 8 in Poison Magic
  6704 | D:5      | Reached XP level 8. HP: 53/64 MP: 11/14
  6711 | D:5      | Learned a level 5 spell: Venom Bolt
  6743 | D:5      | Noticed Blork the orc
  6851 | D:5      | Killed Blork the orc
  6873 | D:5      | Reached skill level 9 in Poison Magic
  6881 | D:5      | Noticed Prince Ribbit
  6886 | D:5      | Killed Prince Ribbit
  6886 | D:5      | Reached skill level 10 in Poison Magic
  6962 | D:4      | Reached * piety under Cheibriados
  7111 | D:5      | Killed Sigmund
  7119 | D:5      | Noticed Grinder
  7126 | D:5      | Killed Grinder
  7126 | D:5      | Reached XP level 9. HP: 70/70 MP: 3/15
  7667 | D:5      | Found a shimmering altar of Xom.
  8411 | D:6      | Reached ** piety under Cheibriados
  8609 | D:6      | Found a sand-covered staircase.
  8624 | Ossuary  | Entered an ossuary
  8781 | Ossuary  | Reached skill level 11 in Poison Magic
  9064 | Ossuary  | Reached *** piety under Cheibriados
  9083 | Ossuary  | Learned a level 2 spell: Cure Poison
  9118 | Ossuary  | Noticed Menkaure
  9126 | Ossuary  | Killed Menkaure
  9126 | Ossuary  | Reached skill level 5 in Spellcasting
  9139 | Ossuary  | Slain by a mummy

Action                   |  1- 3 |  4- 6 |  7- 9 || total
-------------------------+-------+-------+-------++-------
Melee: Dagger            |     1 |       |       ||     1
       Hand axe          |    13 |       |       ||    13
       Whip              |    25 |    38 |       ||    63
       Scythe            |       |       |   107 ||   107
 Fire: Hunting sling     |       |     1 |    84 ||    85
Throw: Tomahawk          |       |    36 |     2 ||    38
       Stone             |       |     8 |       ||     8
 Cast: Sting             |    91 |    71 |   104 ||   266
       Mephitic Cloud    |       |    10 |    10 ||    20
       Olgreb's Toxic Ra |       |     1 |     1 ||     2
       Venom Bolt        |       |       |     1 ||     1
Invok: Bend Time         |       |       |     3 ||     3
  Use: Scroll            |     6 |     1 |     3 ||    10
       Potion            |     4 |     1 |     2 ||     7
 Stab: Sleeping          |       |       |    15 ||    15
  Eat: Chunk             |     5 |     7 |     8 ||    20
       Royal jelly       |       |     1 |       ||     1
       Beef jerky        |       |       |     1 ||     1
